 Dungeon Crawl Stone Soup version 0.25-a0-665-ga69d64035b (webtiles) character file.

Game seed: 14976412754144847494, levelgen mode: deterministic

52 Astera the Chiller (level 3, 0/25 HPs)
             Began as a Barachi Ice Elementalist on Mar 26, 2020.
             Slain by a bullfrog skeleton (7 damage)
             ... on level 2 of the Dungeon.
             The game lasted 00:18:57 (1718 turns).

Astera the Chiller (Barachi Ice Elementalist)       Turns: 1718, Time: 00:18:58

Health: 0/25       AC:  2    Str: 10    XL:     3   Next: 85%
Magic:  1/6        EV: 13    Int: 15    God:
Gold:   99         SH:  0    Dex: 12    Spells: 3/7 levels left

rFire    . . .     SeeInvis .   e - +0 short sword
rCold    . . .     Gourm    .   (no shield)
rNeg     . . .     Faith    .   a - +0 robe
rPois    .         Spirit   .   (no helmet)
rElec    .         Reflect  .   (no cloak)
rCorr    +         Harm     .   (no gloves)
MR       .....                  (no boots)
Stlth    ++........             (no amulet)
HPRegen  0.08/turn              b - ring of resist corrosion
MPRegen  0.10/turn              (no ring)

@: can't hop, very slightly contaminated, slow
A: +LOS, swims, slowness 1, strong legs 1
a: Hop


You were on level 2 of the Dungeon.
You were not hungry.

You visited 1 branch of the dungeon, and saw 2 of its levels.

You collected 99 gold pieces.

Inventory:

Hand Weapons
 e - a +0 short sword (weapon)
Armour
 a - a +0 robe (worn)
Jewellery
 b - a ring of resist corrosion (left hand)
Scrolls
 g - a scroll of amnesia {unknown}
 h - 2 scrolls of enchant armour {unknown}
 i - a scroll of magic mapping {unknown}
 j - a scroll of enchant weapon {unknown}
 l - a scroll of teleportation {unknown}
 m - a scroll of fear {unknown}
Potions
 f - 2 potions of heal wounds {unknown}
 k - a potion of degeneration {unknown}
Comestibles
 c - a ration
 d - 5 chunks of flesh


   Skills:
 + Level 0.8 Fighting
 + Level 1.0 Armour
 + Level 2.8 Dodging
 - Level 2.0 Stealth
 - Level 0.1 Unarmed Combat
 + Level 2.5 Spellcasting
 + Level 5.4 Ice Magic


You had 3 spell levels left.
You knew the following spells:

 Your Spells              Type           Power        Failure   Level  Hunger
a - Freeze                Ice            ###.         2%          1    #......
b - Frozen Ramparts       Ice            ###...       7%          3    ###....

Your spell library contained the following spells:

 Spells                   Type           Power        Failure   Level  Hunger
 Ozocubu's Armour         Chrm/Ice       ##......     21%         3    ###....
 Hailstorm                Conj/Ice       ##......     56%         4    #####..
 Summon Ice Beast         Ice/Summ       ##......     56%         4    #####..


Dungeon Overview and Level Annotations

Branches:
Dungeon (2/15)

Altars:
Gozag


Innate Abilities, Weirdness & Mutations

You can be seen from farther away. (+LOS)
You can swim through water.
You cover ground slowly.
You can hop short distances.


Message History

Press: ? - help, Shift-Dir - straight line, f/p - bullfrog skeleton
Aim: a bullfrog skeleton (heavily damaged)
The bullfrog skeleton completely resists.
You freeze the bullfrog skeleton but do no damage.
The bullfrog skeleton hits you.
* * * LOW HITPOINT WARNING * * *
The bullfrog skeleton completely misses you.
Casting: Freeze (safe; 2% risk of failure)
Confirm with . or Enter, or press ? or * to list all spells.
You miscast Frozen Ramparts.
You are very lightly contaminated with residual magic.
A chill runs through your body.
The bullfrog skeleton hits you but does no damage.
Hop to where?
Press: ? - help, Dir - move target cursor, p - bullfrog skeleton Boing!
Okay, then.
The bullfrog skeleton barely misses you.
The bullfrog skeleton hits you!
You die...

#.......# #.......### #######...##
########### #.....## ###
#.>.......# #......# #.. ###
#.........#####......###.# ....
#.(.......#...).......#..# .....
#....(......###.......#.#.
......##.......Z@#####.........#.
.............รท.................#.
......##..........(..............
..Z.. #####...###.##.#######....
.... #..## #.(...# ####.#.. ###
...## #####..###....... ##..#
#............###.
.........##..####...###. ###.####
#.)#......##..


You could see a bullfrog skeleton.

Vanquished Creatures
  An adder (D:2)
  A worm (D:2)
  2 dart slugs (D:1)
  A leopard gecko (D:1)
  A giant cockroach (D:1)
  3 hobgoblins (D:2)
  5 jackals
  A quokka (D:2)
  A ball python (D:1)
  6 bats
  2 frilled lizards
  3 goblins (D:1)
  4 kobolds
  6 rats
37 creatures vanquished.

Notes
Turn   | Place    | Note
-------+----------+-------------------------------------------
     0 | D:1      | Astera the Barachi Ice Elementalist began the quest for the
                  | Orb.
     0 | D:1      | Reached XP level 1. HP: 13/13 MP: 3/3
    81 | D:1      | Reached skill level 5 in Ice Magic
   168 | D:1      | Reached XP level 2. HP: 11/19 MP: 0/5
   843 | D:1      | Reached XP level 3. HP: 20/24 MP: 3/6
  1011 | D:1      | Learned a level 3 spell: Frozen Ramparts
  1526 | D:2      | Found an opulent altar of Gozag.
  1618 | D:2      | Reached skill level 1 in Armour
  1718 | D:2      | Slain by a bullfrog skeleton

Levels and vault maps discovered:
D:1:      minmay_arrival_semitransparent, layout_rooms, minmay_heptomino_l4
D:2:      layout_rooms, grunt_gozag_statues, chequers_ecumenical_altar_grove

Skill      XL: |  1  2  3 |
---------------+----------+-----
Ice Magic      | 5 |  5.4
Stealth        | 2 |  2.0
Armour         | 1 |  1.0
Fighting       | |  0.8
Dodging        | |  2.8
Unarmed Combat | |  0.1
Spellcasting   | |  2.5

Action                   || total
-------------------------++-------
Melee: Unarmed           ||     5
       Short sword       ||    20
 Cast: Freeze            ||    46
       Frozen Ramparts   ||     3
 Abil: Hop               ||     1
 Stab: Sleeping          ||     2
  Eat: Chunk             ||     4
Armor: Robe              ||    11
Dodge: Dodged            ||    54

Table legend:
 A = Non-vault XP
 B = Vault XP
 C = Vault XP percentage of total XP
 D = Non-vault monster count
 E = Vault monster count
 F = Vault count percentage of total count
                 A         B        C        D         E       F
            +---------+---------+-------+---------+---------+-------
      Total |      69 |       6 |   8.0 |      34 |       3 |   8.1
            +---------+---------+-------+---------+---------+-------
        D:1 |      30 |       6 |  16.7 |      18 |       3 |  14.3
        D:2 |      39 |       0 |   0.0 |      16 |       0 |   0.0
            +---------+---------+-------+---------+---------+-------
